 Dungeon Sprint DCSS version 0.27.1-34-g3ba077fa99 (webtiles) character file.

Game seed: 12984347430782042935

11488 Karpo the Ninja (level 11, -5/47 HPs)
             Began as a Spriggan Enchanter on Feb 11, 2022.
             Was the Champion of Sif Muna.
             Slain by the 27-headed Lernaean hydra (13 damage)
             ... in the Dungeon (Sprint I: "Red Sonja").
             The game lasted 00:33:01 (2997 turns).

Karpo the Ninja (Spriggan Enchanter)                Turns: 2997, Time: 00:33:01

Health: -5/47      AC:  6    Str:  4    XL:     11   Next: 50%
Magic:  14/26      EV: 22    Int: 19    God:    Sif Muna [******]
Gold:   830        SH:  0    Dex: 17    Spells: 8/30 levels left

rFire    . . .     SeeInvis +   g - +3 dagger (speed)
rCold    . . .     Faith    .   (shield restricted)
rNeg     . . .     Spirit   .   t - +2 robe
rPois    +         Reflect  .   u - +0 hat
rElec    .         Harm     .   s - +1 cloak {rPois}
rCorr    .         Rampage  .   (gloves unavailable)
Will     +....     NoTele   +   (boots unavailable)
Stlth    ++++++++++             (no amulet)
HPRegen  0.15/turn              (no ring)
MPRegen  0.20/turn              (no ring)

@: confusing by touch, very quick
A: very small, no large weapons, unfitting armour, see invisible, speed 3
a: Renounce Religion, Channel Magic, Forget Spell, Divine Exegesis


You were in the Dungeon.
You worshipped Sif Muna.
Sif Muna was exalted by your worship.
You visited 1 branch You collected 2100 gold pieces.
You spent 1270 gold pieces at shops.

Inventory:

Hand Weapons
 a - a +1 dagger
 g - a +3 dagger of speed (weapon)
 j - a +1 short sword of distortion
 o - a +2 dagger of freezing
Missiles
 k - 3 curare-tipped darts
Armour
 b - a +0 robe
 s - a +1 cloak of poison resistance (worn)
 t - a +2 robe (worn)
 u - a +0 hat (worn)
Wands
 p - a wand of flame (19)
Scrolls
 h - a scroll of blinking
 l - a scroll of brand weapon {unknown}
 m - a scroll of magic mapping {unknown}
 n - a scroll of enchant weapon {unknown}
 r - a scroll of fear {unknown}
Potions
 c - 5 potions of curing
 d - a potion of heal wounds
 e - a potion of haste
 f - 2 potions of magic
 i - 2 potions of degeneration {unknown}
Miscellaneous
 q - a piece from Xom's chessboard (15/15)


   Skills:
 - Level 13.0 Short Blades
 - Level 8.0 Dodging
 O Level 27 Stealth
 - Level 10.0 Spellcasting
 * Level 4.4 Conjurations
 + Level 14.8 Hexes


You had 8 spell levels left.
You knew the following spells:

 Your Spells              Type           Power      Damage    Failure   Level
a - Corona                Hex            66%        N/A       1%          1
b - Ensorcelled Hibernat  Hex/Ice        74%        N/A       1%          2
c - Confusing Touch       Hex            60%        N/A       1%          3
d - Tukima's Dance        Hex            60%        N/A       1%          3
e - Dazzling Flash        Conj/Hex       92%        N/A       1%          3
f - Invisibility          Hex            30%        N/A       2%          6
g - Fulminant Prism       Conj/Hex       23%        3d13      1%          4

Your spell library contained the following spells:

 Spells                   Type           Power      Damage    Failure   Level
 Magic Dart               Conj           100%       1d8       1%          1
 Searing Ray              Conj           52%        3d5       1%          2
 Portal Projectile        Hex/Tloc       74%        N/A       1%          3
 Shock                    Conj/Air       68%        1d7       3%          1
 Leda's Liquefaction      Hex/Erth       18%        N/A       3%          4
 Static Discharge         Conj/Air       17%        N/A       4%          2
 Animate Skeleton         Necr           18%        N/A       8%          1
 Metabolic Englaciation   Hex/Ice        18%        N/A       10%         5
 Yara's Violent Unravell  Hex/Tmut       18%        3d9       10%         5
 Passwall                 Tmut/Erth      7%         N/A       11%         2
 Sublimation of Blood     Necr           4%         N/A       11%         2
 Call Canine Familiar     Summ           9%         N/A       22%         3
 Ozocubu's Armour         Ice            9%         N/A       22%         3
 Spider Form              Tmut/Pois      4%         N/A       22%         3
 Swiftness                Air            9%         N/A       22%         3
 Iskenderun's Battlesphe  Conj           26%        2d8       32%         5
 Ice Form                 Ice/Tmut       9%         N/A       58%         4
 Fireball                 Conj/Fire      8%         3d6       63%         5
 Irradiate                Conj/Tmut      8%         3d16      63%         5
 Lightning Bolt           Conj/Air       8%         1d21      63%         5
 Bolt of Magma            Conj/Fire/Erth 7%         4d6       75%         5
 Freezing Cloud           Conj/Ice/Air   7%         6-21      75%         5
 Starburst                Conj/Fire      8%         6d4       99%         6
 Death Channel            Necr           4%         N/A       100%        6
 Orb of Destruction       Conj           13%        9d6       100%        7
 Spellforged Servitor     Conj/Summ      8%         N/A       100%        7


Dungeon Overview and Level Annotations

Branches:
Dungeon (1/1)

Altars:
Cheibriados
Dithmenos
Elyvilon
Fedhas
Gozag
Hepliaklqana
Kikubaaqudgha
Makhleb
Nemelex Xobeh
Okawaru
Qazlal
Ru
Sif Muna
Trog
Uskayaw
Vehumet
Wu Jian
Xom
Yredelemnul
Zin
The Shining One
Jiyva
Lugonu

Shops:
D [?(![?(*([(:!([[(

Annotations:
D Lernaean hydra


Innate Abilities, Weirdness & Mutations

You are very small and have problems with some larger weapons.
You are too small for most types of armour.
You have supernaturally acute eyesight. (SInv)
You cover ground extremely quickly. (Speed+++)


Message History

Something hits your fulminant prism!
Your fulminant prism detonates feebly.
Which direction?
You close the door.
There is an open door here.
You start resting.
Something unseen opens the door.
An arrow hits the 27-headed Lernaean hydra!
Casting: Fulminant Prism (dangerous; 1% risk of failure)
Confirm with . or Enter, or press ? or * to list all spells.
Aiming: Ensorcelled Hibernation (safe; 1% risk of failure)
Press: ? - help, Shift-Dir - straight line, f - 27-headed Lernaean hydra
Aim: the 27-headed Lernaean hydra (lightly wounded, chance to affect: 1%)
The 27-headed Lernaean hydra resists with almost no effort.
Casting: Ensorcelled Hibernation (safe; 1% risk of failure)
Confirm with . or Enter, or press ? or * to list all spells.
Aiming: Ensorcelled Hibernation (safe; 1% risk of failure)
Press: ? - help, Shift-Dir - straight line, f/p - 27-headed Lernaean hydra
Aim: the 27-headed Lernaean hydra (lightly wounded, chance to affect: 1%)
The 27-headed Lernaean hydra resists with almost no effort.
There is an open door here.
Casting: Ensorcelled Hibernation (safe; 1% risk of failure)
Confirm with . or Enter, or press ? or * to list all spells.
Aiming: Ensorcelled Hibernation (safe; 1% risk of failure)
Press: ? - help, Shift-Dir - straight line, f/p - 27-headed Lernaean hydra
Aim: the 27-headed Lernaean hydra (lightly wounded, chance to affect: 1%)
The 27-headed Lernaean hydra resists with almost no effort.
Casting: Ensorcelled Hibernation (safe; 1% risk of failure)
Confirm with . or Enter, or press ? or * to list all spells.
Your hands begin to glow red.
You hit the 27-headed Lernaean hydra but do no damage.
The 27-headed Lernaean hydra bites you.
The 27-headed Lernaean hydra completely misses you. x2
The 27-headed Lernaean hydra bites you but does no damage.
The 27-headed Lernaean hydra misses you.
The 27-headed Lernaean hydra bites you! x2
The 27-headed Lernaean hydra bites you. The 27-headed Lernaean hydra bites you!
* * * LOW HITPOINT WARNING * * *
The 27-headed Lernaean hydra bites you!
You die...

##############################
.'..[#).#§.§§§§§@D.§§..#^^+$§§
.#...##'#§####§§§§§##..'^^#$§§
##)..'.§#§# ##§§§#######'#§§§
§#####..§§# #$###+# #..# §
§#..##'####^.$#y#§# #..#
§§..#...○°#..$###.§###$#..≈#
)#..#.○○.°+..$$$##.#A#$#..≈e)
###'###°°°# .###$#..≈.##
###.'.#○°○# ##..$#.D≈##


You could see the 27-headed Lernaean hydra.

Vanquished Creatures
  A hydra (D)
  2 centaur warriors (D)
  Sonja (D)
  A deep troll (D)
  A lindwurm (D)
  An oklob plant (D)
  A gargoyle (D)
  A merfolk siren (D)
  4 unseen horrors (D)
  2 kobold demonologists (D)
  A hellwing (D)
  4 demonic crawlers (D)
  2 hornets (D)
  A slime creature (D)
  Sigmund (D)
  2 redbacks (D)
  A yak (D)
  13 hogs (D)
  3 floating eyes (D)
  7 necrophages (D)
  An ogre (D)
  8 jellies (D)
  Ijyb (D)
60 creatures vanquished.

Vanquished Creatures (others)
  A merfolk siren (D)
  A gargoyle (D)
  2 hornets (D)
  2 ballistomycete spores (D)
  13 fulminant prisms (D)
19 creatures vanquished.

Grand Total: 79 creatures vanquished

Notes
Turn   | Place    | Note
-------+----------+-------------------------------------------
     0 | D        | Karpo the Spriggan Enchanter began the quest for the Orb.
     0 | D        | Reached XP level 1. HP: 9/9 MP: 5/5
     2 | D        | Noticed Ijyb
     9 | D        | Killed Ijyb
    10 | D        | Reached skill level 9 in Stealth
    10 | D        | Reached XP level 2. HP: 13/13 MP: 6/6
   100 | D        | Learned a level 2 spell: Ensorcelled Hibernation
   100 | D        | Noticed an ogre
   112 | D        | Killed an ogre
   113 | D        | Reached skill level 14 in Stealth
   113 | D        | Reached XP level 3. HP: 16/16 MP: 0/8
   113 | D        | Reached XP level 4. HP: 21/21 MP: 0/9
   193 | D        | Learned a level 3 spell: Confusing Touch
   207 | D        | Noticed Sigmund
   218 | D        | Killed Sigmund
   219 | D        | Reached skill level 17 in Stealth
   219 | D        | Reached XP level 5. HP: 14/24 MP: 6/10
   353 | D        | Learned a level 3 spell: Tukima's Dance
   353 | D        | Found a shimmering blue altar of Sif Muna.
   354 | D        | Found an ornate altar of the Wu Jian Council.
   355 | D        | Found a radiant altar of Vehumet.
   359 | D        | Became a worshipper of Sif Muna the Loreminder
   362 | D        | Reached skill level 18 in Stealth
   362 | D        | Reached XP level 6. HP: 28/28 MP: 11/11
   392 | D        | Found Yhukob's Magic Scroll Emporium.
   392 | D        | Found an ancient bone altar of Kikubaaqudgha.
   392 | D        | Found a hazy altar of Hepliaklqana.
   392 | D        | Found a stormy altar of Qazlal.
   392 | D        | Found a hide-covered altar of Uskayaw.
   392 | D        | Found a blossoming altar of Fedhas.
   392 | D        | Found a bloodstained altar of Trog.
   392 | D        | Found an iron altar of Okawaru.
   392 | D        | Found a basalt altar of Yredelemnul.
   392 | D        | Found a glowing golden altar of the Shining One.
   392 | D        | Found a snail-covered altar of Cheibriados.
   392 | D        | Found a sacrificial altar of Ru.
   392 | D        | Found a glowing silver altar of Zin.
   392 | D        | Found a shadowy altar of Dithmenos.
   392 | D        | Found a white marble altar of Elyvilon.
   392 | D        | Noticed a yak
   398 | D        | Killed a yak
   399 | D        | Reached skill level 20 in Stealth
   399 | D        | Found an opulent altar of Gozag.
   400 | D        | Found a sparkling altar of Nemelex Xobeh.
   468 | D        | Noticed Sonja
   472 | D        | Killed Sonja
   472 | D        | Reached * piety under Sif Muna
   473 | D        | Reached skill level 23 in Stealth
   473 | D        | Reached XP level 7. HP: 32/32 MP: 12/12
   473 | D        | Reached XP level 8. HP: 36/36 MP: 13/13
   477 | D        | Learned a level 3 spell: Dazzling Flash
   493 | D        | Found Xapufrai's Armour Boutique.
   595 | D        | Noticed a deep troll
   599 | D        | Killed a deep troll
   600 | D        | Reached skill level 25 in Stealth
   624 | D        | Found Sogh's Armour Emporium.
   646 | D        | Found a viscous altar of Jiyva.
   646 | D        | Found a corrupted altar of Lugonu.
   646 | D        | Noticed a slime creature
   647 | D        | Found a burning altar of Makhleb.
   647 | D        | Found a shimmering altar of Xom.
   649 | D        | Killed a slime creature
   662 | D        | Noticed a kobold demonologist
   663 | D        | Noticed a kobold demonologist
   665 | D        | Reached ** piety under Sif Muna
   666 | D        | Reached skill level 26 in Stealth
   667 | D        | Killed a kobold demonologist
   668 | D        | Reached XP level 9. HP: 39/39 MP: 14/14
   668 | D        | Killed a kobold demonologist
   669 | D        | Reached skill level 27 in Stealth
   697 | D        | Noticed a centaur warrior
   698 | D        | Noticed a centaur warrior
   700 | D        | Killed a centaur warrior
   701 | D        | Killed a centaur warrior
   701 | D        | Reached *** piety under Sif Muna
   721 | D        | Noticed an oklob plant
   723 | D        | Killed an oklob plant
   724 | D        | Reached XP level 10. HP: 44/44 MP: 13/15
   743 | D        | Reached **** piety under Sif Muna
   744 | D        | Reached skill level 5 in Dodging
   781 | D        | Reached ***** piety under Sif Muna
   781 | D        | Received a gift from Sif Muna
   784 | D        | Got Jaotaloy's Tome of Lethal Cold {god gift}
   817 | D        | Reached skill level 5 in Hexes
   843 | D        | Received a gift from Sif Muna
   844 | D        | Reached skill level 5 in Spellcasting
   844 | D        | Got Dofaat's Tome of Dark Arts {god gift}
   992 | D        | Found Kuthraonn's Distillery.
   992 | D        | Found Cal Qosk's Weapon Shop.
   992 | D        | Found Cuosoizxetith's Armour Boutique.
   994 | D        | Found Gets's Magic Scroll Emporium.
   994 | D        | Found Udomaink's Weapon Shop.
   994 | D        | Found Aki Doas's Assorted Antiques.
   994 | D        | Found Yseptaut's Weapon Boutique.
   994 | D        | Found Intymal's Antique Armour Emporium.
   994 | D        | Found Dorghy's Antique Weapon Shop.
   994 | D        | Found Hennos's Book Shoppe.
   995 | D        | Found Weukoet's Distillery.
   996 | D        | Found Yrefox's Antique Armour Emporium.
   996 | D        | Found Vefiuv's Weapon Boutique.
   997 | D        | Found Gedyj's Antique Weapon Emporium.
  1051 | D        | Killed a gargoyle
  1097 | D        | Received a gift from Sif Muna
  1129 | D        | Noticed a lindwurm
  1131 | D        | Killed a lindwurm
  1151 | D        | Reached skill level 10 in Hexes
  1155 | D        | Reached skill level 10 in Spellcasting
  1155 | D        | Reached XP level 11. HP: 36/47 MP: 13/26
  1166 | D        | Received a gift from Sif Muna
  1167 | D        | Got Jatudim's Disquisition on Shifting Conjuration {god
                  | gift}
  1569 | D        | Reached ****** piety under Sif Muna
  1808 | D        | Noticed a 12-headed hydra
  1810 | D        | Killed a 12-headed hydra
  1810 | D        | Received a gift from Sif Muna
  1814 | D        | Got Reyrod's Papyrus of Freezing Conjuration {god gift}
  1873 | D        | Bought a +1 cloak of poison resistance for 135 gold pieces
  1923 | D        | Bought a scroll of acquirement for 676 gold pieces
  1923 | D        | Acquired a book of Burglary
  1932 | D        | Learned a level 6 spell: Invisibility
  1966 | D        | Bought a +2 robe for 127 gold pieces
  2010 | D        | Bought a hat for 92 gold pieces
  2023 | D        | Bought a book of Conjurations for 240 gold pieces
  2028 | D        | Learned a level 4 spell: Fulminant Prism
  2166 | D        | Reached skill level 1 in Conjurations
  2244 | D        | Noticed a daeva
  2472 | D        | Noticed a deep elf annihilator
  2974 | D        | Noticed the 27-headed Lernaean hydra
  2997 | D        | Slain by the 27-headed Lernaean hydra

Illustrated notes

Levels and vault maps discovered:
D:        dungeon_sprint_1 [red_sonja_temple_1, red_sonja_temple_small_1]

Skill      XL: |  1  2  3  4  5  6  7  8  9 10 11 |
---------------+----------------------------------+-----
Stealth        | 9 14 17 18 23 26 27 | 27.0
Short Blades   | 12 13 | 13.0
Dodging        | 8 |  8.0
Spellcasting   | 10 | 10.0
Hexes          | 10 14 | 14.8
Conjurations   | 4 |  4.4

Action                   |  1- 3 |  4- 6 |  7- 9 | 10-12 || total
-------------------------+-------+-------+-------+-------++-------
Melee: Dagger            |     6 |    12 |    10 |    70 ||    98
 Cast: Ensorcelled Hiber |     3 |     4 |     1 |    32 ||    40
       Confusing Touch   |       |     1 |       |     6 ||     7
       Fulminant Prism   |       |       |       |    13 ||    13
       Invisibility      |       |       |       |     1 ||     1
  Use: Potion            |     1 |       |       |       ||     1
       Scroll            |       |       |       |     1 ||     1
 Stab: Sleeping          |     2 |     3 |     9 |    40 ||    54
       Confused          |       |     1 |       |     5 ||     6
Armor: Robe              |       |       |       |     2 ||     2
Dodge: Dodged            |     2 |     6 |       |    32 ||    40
